 Dungeon Sprint DCSS version 0.17.0-15-g6d90897 (webtiles) character file.

83 hexophile the Cleaver (level 4, -8/36 HPs)
             Began as a Ghoul Gladiator on Nov 10, 2015.
             Splashed by an oklob sapling priest's acid (12 damage)
             ... in the Dungeon (Sprint IV: "Fedhas' Mad Dash").
             The game lasted 00:01:06 (376 turns).

hexophile the Cleaver (Ghoul Gladiator)              Turns: 376, Time: 00:01:06

Health: -8/36      AC:  4    Str: 18    XL:     4   Next: 44%
Magic:  3/3        EV: 12    Int:  3    God:
Gold:   0          SH:  0    Dex: 10    Spells: 0 memorised, 3 levels left

rFire  . . .     SeeInvis .     a - +0 war axe
rCold  + . .     Clarity  .     b - +0 leather armour
rNeg   + + +     SustAt   .     (no shield)
rPois  ∞         Gourm    .     c - +0 helmet
rElec  .         Spirit   .     (no cloak)
rCorr  .         Warding  .     (no gloves)
rMut   .         NoTele   +     (no boots)
MR     .....                    (no amulet)
Stlth  ..........               (no ring)
                                (no ring)

@: confused, very slightly contaminated, rotting, hasted, very quick, not
resistant to hostile enchantments, extremely unstealthy
A: rotting body, claws 1, carnivore 3, cold resistance 1, negative energy
resistance 3, slow regeneration 1, torment resistance, unbreathing
a: no special abilities


You were in the Dungeon.
You were not hungry.

You visited 1 branch


Innate Abilities, Weirdness & Mutations

Your body is rotting away.
You thrive on raw meat.
You are immune to poison.
You have sharp fingernails.
You are carnivorous and can eat meat at any time.
Your flesh is cold resistant.
You are immune to negative energy.
You regenerate slowly when monsters are visible.
You are immune to unholy pain and torment.
You can survive without breathing.

Inventory:

Hand Weapons
 a - a +0 war axe (weapon)
Missiles
 F - 3 throwing nets (quivered) {+f}
Armour
 b - a +0 leather armour (worn)
 c - a +0 helmet (worn)
Scrolls
 g - a scroll of identify {unknown}
 k - a scroll of blinking
Potions
 i - 2 potions of magic
 j - a potion of berserk rage
Comestibles
 e - a meat ration
 r - a bread ration


You had 3 spell levels left.
You didn't know any spells.


   Skills:
 - Level 2.1 Fighting
 + Level 8.1 Axes
 - Level 1.7 Throwing
 - Level 2.6 Dodging

Dungeon Overview and Level Annotations

Branches:
Dungeon (1/1)

Altars:
Cheibriados
Elyvilon
Kikubaaqudgha
Makhleb
Nemelex Xobeh
Ru
Sif Muna
Trog
Vehumet
Zin
The Shining One
Jiyva
Lugonu

Annotations:
D exclusion: oklob sapling

Vault maps used:
D:        dungeon_sprint_fedhas
You       could see an oklob sapling priest.


Message History

d - a bubbling brown potion You see here a worker ant corpse.
g - a scroll labeled COTSASHREJEU You open the door.
Marking area around the oklob sapling priest as unsafe for travelling.
An oklob sapling priest comes into view.
Found nine altars.
You aren't carrying any items that can be evoked.
You aren't carrying any items that can be evoked.
You open the door.
Marking area around the oklob sapling as unsafe for travelling.
An oklob sapling comes into view.
Found 19 gold pieces.
You aren't carrying any items that can be evoked.
There is an open door here.
Unknown command.
You hit the oklob sapling.
The oklob sapling is heavily damaged.
You completely miss the oklob sapling.
The oklob sapling is heavily damaged.
You hit the oklob sapling but do no damage.
The oklob sapling is moderately damaged.
You hit the oklob sapling.
You destroy the oklob sapling!
Your Axes skill increases to level 8!
There is an open door here.
Really walk into a travel-excluded area?
Found a burning altar of Makhleb and a sacrificial altar of Ru.
There is an open door here.
The oklob sapling priest spits acid at you.
The splash of acid hits you!
* * * LOW HITPOINT WARNING * * *
The acid burns!
* * * LOW HITPOINT WARNING * * *
Found two altars.
There is a viscous altar of Jiyva here. !MASSIVE DAMAGE!
YOU LOST 26 HP!
You have now: 2/36 HP.
Drink which item? (? for menu, Esc to quit)
You feel better.
Restored 6 HP.
You have now: 8/36 HP.
Drink which item? (? for menu, Esc to quit)
It was a potion of ambrosia.
You are confused.
You feel invigorated.
The oklob sapling priest spits acid at you.
The splash of acid hits you!
* * * LOW HITPOINT WARNING * * *
The acid burns!
You die...

Action                   |  1- 3 |  4- 6 || total
-------------------------+-------+-------++-------
Melee: War axe           |    12 |     4 ||    16
Throw: Throwing net      |     4 |       ||     4
  Use: Potion            |     2 |     2 ||     4
  Eat: Chunk             |     1 |       ||     1

Notes
Turn   | Place    | Note
--------------------------------------------------------------
     0 | D        | hexophile the Ghoul Gladiator began the quest for the Orb.
     0 | D        | Reached XP level 1. HP: 17/17 MP: 0/0
     9 | D        | Reached skill level 4 in Axes
     9 | D        | Reached XP level 2. HP: 16/24 MP: 1/1
    57 | D        | Noticed an oklob sapling
   344 | D        | Killed an oklob sapling
   344 | D        | Reached skill level 6 in Axes
   344 | D        | Reached XP level 3. HP: 29/29 MP: 2/2
   348 | D        | Noticed a worker ant
   355 | D        | Killed a worker ant
   355 | D        | Reached skill level 7 in Axes
   355 | D        | Reached XP level 4. HP: 27/36 MP: 3/3
   361 | D        | Found a snail-covered altar of Cheibriados.
   361 | D        | Found a glowing silver altar of Zin.
   361 | D        | Found a white marble altar of Elyvilon.
   361 | D        | Found a viscous altar of Jiyva.
   361 | D        | Found a radiant altar of Vehumet.
   361 | D        | Found a deep blue altar of Sif Muna.
   361 | D        | Found an ancient bone altar of Kikubaaqudgha.
   361 | D        | Found a bloodstained altar of Trog.
   361 | D        | Found a corrupted altar of Lugonu.
   361 | D        | Noticed an oklob sapling priest
   363 | D        | Noticed an oklob sapling
   370 | D        | Killed an oklob sapling
   370 | D        | Reached skill level 8 in Axes
   373 | D        | Found a burning altar of Makhleb.
   373 | D        | Found a sacrificial altar of Ru.
   374 | D        | Found a sparkling altar of Nemelex Xobeh.
   374 | D        | Found a glowing golden altar of the Shining One.
   376 | D        | Splashed by an oklob sapling priest's acid

Table legend:
 A = Turns spent in this place as a percentage of turns spent in the entire game.
 B = Non-inter-level travel turns spent in this place as a percentage of non-inter-level travel turns spent in the entire game.
 C = Inter-level travel turns spent in this place as a percentage of turns spent in this place.
 D = Turns resting spent in this place as a percentage of non-inter-level travel turns spent in this place.
 E = Turns spent auto-exploring this place as a percentage of non-inter-level travel turns spent in this place.
 F = Non-inter-level travel turns spent in this place divided by the number of levels of this place that you've seen.
                   A       B       C       D       E      F
               +-------+-------+-------+-------+-------+----------------------
         Total | 100.0 | 100.0 |   0.0 |   8.0 |   0.0 |  88.0
       Dungeon | 100.0 | 100.0 |   0.0 |   8.0 |   0.0 |  88.0
               +-------+-------+-------+-------+-------+----------------------

Table legend:
 A = Kills in this place as a percentage of kills in entire the game.
 B = Kills by you in this place as a percentage of kills by you in the entire game.
 C = Kills by friends in this place as a percentage of kills by friends in the entire game.
 D = Other kills in this place as a percentage of other kills in the entire game.
 E = Experience gained in this place as a percentage of experience gained in the entire game.
 F = Experience gained in this place divided by the number of levels of this place that you have seen.
                   A       B       C       D       E      F
               +-------+-------+-------+-------+-------+----------------------
         Total | 100.0 | 100.0 |  -nan |  -nan | 100.0 | 119.0
       Dungeon | 100.0 | 100.0 |  -nan |  -nan | 100.0 | 119.0
               +-------+-------+-------+-------+-------+----------------------

Vanquished Creatures
  2 oklob saplings (D)
  A worker ant (D)
  A river rat (D)
  A rat (D)
5 creatures vanquished.
